 Dungeon Crawl Stone Soup version 0.30-a0-800-g7c544603b3 (webtiles) character file.

Game seed: 10896423707246802275

1279 retardedninja the Shield-Bearer (level 8, -2/67 HPs)
             Began as a Gnoll Fighter on Feb 22, 2023.
             Slain by a gargoyle
             ... wielding a +0 flail
              (4 damage)
             ... on level 5 of the Dungeon.
             The game lasted 00:06:13 (3929 turns).

retardedninja the Shield-Bearer (Gnoll Fighter)     Turns: 3929, Time: 00:06:13

Health: -2/67      AC: 10    Str: 18 (19) XL:     8   Next: 54%
Magic:  13/13      EV: 11    Int:  6 (7)  God:
Gold:   175        SH:  5    Dex:  9 (11) Spells: 14/14 levels left

rFire   . . .      SeeInvis .    a - +0 war axe
rCold   . . .      Faith    .    c - +0 buckler
rNeg    . . .      Spirit   .    s - +2 ring mail {rPois}
rPois   +          Reflect  .    q - +0 helmet
rElec   .          Harm     .    (no cloak)
rCorr   .          Rampage  .    (no gloves)
Will    .....                    (no boots)
Stlth   +                        h - amulet of regeneration
HPRegen 1.11/turn                f - ring of flight
MPRegen 0.13/turn                (no ring)

@: flying
A: fangs 1, strong nose, distributed training
a: no special abilities


You were on level 5 of the Dungeon.
You visited 1 branch of the dungeon, and saw 5 of its levels.

You collected 175 gold pieces.

Inventory:

Hand Weapons
 a - a +0 war axe (weapon)
Armour
 c - a +0 buckler (worn)
 q - a +0 helmet (worn)
 s - a +2 ring mail of poison resistance (worn)
Jewellery
 f - a ring of flight (left hand)
 h - an amulet of regeneration (around neck)
Scrolls
 b - a scroll of fear {unknown}
 g - a scroll of silence {unknown}
 l - a scroll of vulnerability {unknown}
 m - a scroll of magic mapping
 n - a scroll of acquirement {unknown}
 o - a scroll of amnesia {unknown}
 r - a scroll of poison {unknown}
 t - 2 scrolls of identify
Potions
 j - a potion of mutation
 p - a potion of cancellation


   Skills:
 + Level 7.5 Fighting
 + Level 3.5 Short Blades
 + Level 3.5 Long Blades
 + Level 5.8 Axes
 + Level 3.5 Maces & Flails
 + Level 3.5 Polearms
 + Level 3.5 Staves
 + Level 3.5 Ranged Weapons
 + Level 3.5 Throwing
 + Level 7.5 Armour
 + Level 3.5 Dodging
 + Level 3.5 Stealth
 + Level 7.5 Shields
 + Level 3.5 Unarmed Combat
 + Level 3.5 Spellcasting
 + Level 2.8 Conjurations
 + Level 2.8 Hexes
 + Level 2.8 Summonings
 + Level 2.8 Necromancy
 + Level 2.8 Translocations
 + Level 2.8 Transmutations
 + Level 2.8 Fire Magic
 + Level 2.8 Ice Magic
 + Level 2.8 Air Magic
 + Level 2.8 Earth Magic
 + Level 2.8 Poison Magic
 + Level 3.8 Invocations
 + Level 3.5 Evocations


You had 14 spell levels left.
You didn't know any spells.
Your spell library contained the following spells:

 Spells                   Type           Power      Damage    Failure   Level
 Beastly Appendage        Tmut           8%         N/A       22%         1
 Static Discharge         Conj/Air       8%         2-3/arc   32%         2
 Wereblood                Tmut           4%         N/A       32%         2
 Ignite Poison            Fire/Tmut/Pois 4%         N/A       54%         3
 Spider Form              Tmut/Pois      4%         N/A       54%         3
 Vhi's Electric Charge    Tloc/Air       8%         N/A       54%         3
 Sticky Flame             Conj/Fire      4%         2d3       91%         4
 Arcjolt                  Conj/Air       2%         1d12      99%         5
 Lightning Bolt           Conj/Air       2%         1d13      99%         5
 Ignition                 Fire           2%         3d3       100%        8


Dungeon Overview and Level Annotations

Branches:
Dungeon (5/15)             Temple (0/1) D:5

Altars:
Dithmenos
Uskayaw

Shops:
D:1 *

Annotations:
D:3 1 runed translucent door, Crazy Yiuf, Sigmund


Innate Abilities, Weirdness & Mutations

You have very sharp teeth.
Your uncanny sense of smell can sniff out nearby items.
Your experience applies equally to all skills.


Message History

The gargoyle barely misses you.
You hit the gargoyle.
The gargoyle is moderately damaged.
You closely miss the adder. You block the adder's attack.
The gargoyle hits you with a +0 flail! You block the adder's attack.
The iguana hisses angrily.
You hit the gargoyle but do no damage.
The gargoyle is moderately damaged.
You hit the adder. The adder bites you but does no damage.
The gargoyle hits you with a +0 flail!
You completely miss the gargoyle.
The gargoyle is moderately damaged.
You hit the adder.
You kill the adder!
The gargoyle hurls a stone arrow at you.
The stone arrow hits you!!
The gargoyle hurls a stone arrow at you.
The stone arrow hits you!
You barely miss the gargoyle.
The gargoyle is moderately damaged.
The gargoyle hurls a stone arrow at you.
The stone arrow misses you.
You hit the gargoyle.
The gargoyle is moderately damaged.
The gargoyle hurls a stone arrow at you.
The stone arrow hits you!
* * * LOW HITPOINT WARNING * * *
You hit the gargoyle but do no damage.
The gargoyle is moderately damaged.
The gargoyle hurls a stone arrow at you.
The stone arrow hits you!
* * * LOW HITPOINT WARNING * * *
The gargoyle barely misses you. The iguana bites you.
* * * LOW HITPOINT WARNING * * *
Okay, then.
Sorry, you're not good enough to have a special ability.
As you read the scroll labelled IBBUIFF WEHO, it crumbles to dust.
You feel aware of your surroundings.
It was a scroll of magic mapping.
The gargoyle hits you with a +0 flail.
You die...

*** ####### ###### ***,*
##..##.### #....# *,*.**
(........#####..<.###...,***
..........##............,,,*
.#)..#....##....@9.....#**,**
.#)))......#..)l#....<.#**,,****
........................,,~~~,,*
........................,~~~~~,*
........................~~~~~~~*
#.....#............##...~~~>~~~*
##....##.###............~~~~~~~*
#.......###!.......##..,~~~~~,*
##.....#.#.......###*,,,,~~~,,*


You could see a gargoyle and an iguana.

Vanquished Creatures
  Grinder (D:4)
  A black bear (D:4)
  2 ogres
  A centaur (D:4)
  2 scorpions
  6 orc priests
  2 hounds (D:4)
  A jelly (D:4)
  Terence (D:3)
  8 orc wizards
  Robin (D:3)
  6 adders
  A worm (D:3)
  2 dart slugs
  14 orcs
  6 ball pythons
  7 endoplasms
  4 giant cockroaches
  8 goblins
  7 hobgoblins
  3 kobolds
  3 quokkas
  5 bats
  3 frilled lizards
  3 rats
98 creatures vanquished.

Notes
Turn   | Place    | Note
-------+----------+-------------------------------------------
     0 | D:1      | retardedninja the Gnoll Fighter began the quest for the
                  | Orb.
     0 | D:1      | Reached XP level 1. HP: 23/23 MP: 1/1
   121 | D:1      | Found a faded altar of an unknown god.
   148 | D:1      | Reached XP level 2. HP: 27/29 MP: 2/2
   177 | D:1      | Found Pozij's General Store.
   518 | D:2      | Reached XP level 3. HP: 19/35 MP: 2/4
   869 | D:2      | Reached skill level 1 in Invocations
  1209 | D:2      | Reached skill level 1 in Short Blades
  1209 | D:2      | Reached skill level 1 in Long Blades
  1209 | D:2      | Reached skill level 1 in Maces & Flails
  1209 | D:2      | Reached skill level 1 in Polearms
  1209 | D:2      | Reached skill level 1 in Staves
  1209 | D:2      | Reached skill level 1 in Ranged Weapons
  1209 | D:2      | Reached skill level 1 in Throwing
  1209 | D:2      | Reached skill level 1 in Dodging
  1209 | D:2      | Reached skill level 1 in Stealth
  1209 | D:2      | Reached skill level 1 in Unarmed Combat
  1209 | D:2      | Reached skill level 1 in Spellcasting
  1209 | D:2      | Reached skill level 1 in Evocations
  1275 | D:3      | Found a shadowy altar of Dithmenos.
  1356 | D:3      | Reached XP level 4. HP: 39/41 MP: 5/5
  1377 | D:3      | Reached skill level 1 in Conjurations
  1377 | D:3      | Reached skill level 1 in Hexes
  1377 | D:3      | Reached skill level 1 in Summonings
  1377 | D:3      | Reached skill level 1 in Necromancy
  1377 | D:3      | Reached skill level 1 in Translocations
  1377 | D:3      | Reached skill level 1 in Transmutations
  1377 | D:3      | Reached skill level 1 in Fire Magic
  1377 | D:3      | Reached skill level 1 in Ice Magic
  1377 | D:3      | Reached skill level 1 in Air Magic
  1377 | D:3      | Reached skill level 1 in Earth Magic
  1377 | D:3      | Reached skill level 1 in Poison Magic
  1452 | D:3      | Noticed a scorpion
  1462 | D:3      | Killed a scorpion
  1463 | D:3      | Reached XP level 5. HP: 46/47 MP: 5/7
  1500 | D:3      | Noticed Robin
  1514 | D:3      | Killed Robin
  1550 | D:3      | Found a hide-covered altar of Uskayaw.
  1563 | D:3      | Noticed Terence
  1573 | D:3      | Killed Terence
  1708 | D:3      | Found a runed translucent door.
  1708 | D:3      | Noticed Sigmund
  1708 | D:3      | Noticed Crazy Yiuf
  2351 | D:4      | Reached XP level 6. HP: 44/53 MP: 8/8
  2367 | D:4      | Reached skill level 5 in Axes
  2400 | D:4      | Noticed a black bear
  2408 | D:4      | Killed a black bear
  2438 | D:4      | Noticed Grinder
  2448 | D:4      | Paralysed by Grinder for 5 turns
  2458 | D:4      | Killed Grinder
  2459 | D:4      | Reached XP level 7. HP: 33/60 MP: 10/10
  2975 | D:5      | Entered Level 5 of the Dungeon
  2989 | D:5      | Reached XP level 8. HP: 34/67 MP: 12/12
  3200 | D:5      | Noticed a gargoyle
  3928 | D:5      | HP: 1/67 [iguana (5)]
  3929 | D:5      | Slain by a gargoyle

Illustrated notes

Levels and vault maps discovered:
D:1:      dpeg_arrival_rhombi, layout_rooms, ebering_ecumenical_altar_petrified,
          serial_shops, shop, chequers_jeans
D:2:      layout_basic
D:3:      layout_basic, nicolae_uskayaw_murder_on_the_dancefloor,
          grunt_dithmenos_smoke, uniq_crazy_yiuf_cottage, uniq_sigmund,
          uniq_robin, uniq_terence
D:4:      layout_cave_pools, uniq_grinder
D:5:      cheibrodos_fzero, layout_cave_pools, minmay_temple_entry_mist

Skill      XL: |  1  2  3  4  5  6  7 |
---------------+----------------------+-----
Invocations    | 1 2 3 |  3.8
Short Blades   | 1 2 3 |  3.5
Long Blades    | 1 2 3 |  3.5
Maces & Flails | 1 2 3 |  3.5
Polearms       | 1 2 3 |  3.5
Staves         | 1 2 3 |  3.5
Ranged Weapons | 1 2 3 |  3.5
Throwing       | 1 2 3 |  3.5
Dodging        | 1 2 3 |  3.5
Stealth        | 1 2 3 |  3.5
Unarmed Combat | 1 2 3 |  3.5
Spellcasting   | 1 2 3 |  3.5
Evocations     | 1 2 3 |  3.5
Conjurations   | 1 2 |  2.8
Hexes          | 1 2 |  2.8
Summonings     | 1 2 |  2.8
Necromancy     | 1 2 |  2.8
Translocations | 1 2 |  2.8
Transmutations | 1 2 |  2.8
Fire Magic     | 1 2 |  2.8
Ice Magic      | 1 2 |  2.8
Air Magic      | 1 2 |  2.8
Earth Magic    | 1 2 |  2.8
Poison Magic   | 1 2 |  2.8
Axes           | 5 |  5.8
Fighting       | 7 |  7.5
Armour         | 7 |  7.5
Shields        | 7 |  7.5

Action                     |  1- 3 |  4- 6 |  7- 9 || total
---------------------------+-------+-------+-------++-------
  Melee: War axe           |    97 |   109 |    92 ||   298
         Bite              |     7 |     6 |    10 ||    23
    Use: Scroll            |       |     3 |     1 ||     4
         Potion            |       |     1 |     7 ||     8
   Stab: Sleeping          |       |       |     1 ||     1
 Armour: Scale mail        |    45 |    39 |       ||    84
         Ring mail         |       |    38 |    97 ||   135
         Skin              |       |       |     4 ||     4
  Dodge: Dodged            |    41 |    47 |    99 ||   187
  Block: Buckler           |    29 |    25 |    43 ||    97

Table legend: (Time is in decaauts)
 A = Elapsed time spent in this place.
 B = Non-inter-level travel time spent in this place.
 C = Inter-level travel time spent in this place.
 D = Time resting spent in this place.
 E = Time spent auto-exploring this place.
 F = Levels seen in this place.
 G = Mean time per level.
                   A        B        C        D        E       F      G
               +--------+--------+--------+--------+--------+-----+--------+
         Total |   4019 |   3935 |     84 |   1039 |   2113 |   5 |  803.8 |
       Dungeon |   4019 |   3935 |     84 |   1039 |   2113 |   5 |  803.8 |
               +--------+--------+--------+--------+--------+-----+--------+

Top non-repeatable levels by time:
     D:4: 1347 daAuts
     D:3: 1114 daAuts
     D:2: 776 daAuts
     D:1: 497 daAuts
     D:5: 282 daAuts
